AoeStats
← Bill Flounder

Arena

510458030Analyzed
1v1 RM · 22h ago on Oct 1, 2026· 24m 6s· 2 players
Game mode
Random Map
Map size
Tiny (2 player)
Population
200
Speed
Normal
Resources
Standard
Victory
Conquest
Starting age
Dark Age
Ending age
Imperial Age
RankedLock teamsTeams togetherTeam positionsShared explorationLock speedFull tech treeHidden civsTurbo modeCheats
Victory
Defeat
🇨🇴 Italians · Colombia
1350
+14
🇳🇿 Malay · New Zealand
1307
-14
Bill Flounder
8:56 Feudal Age
8:55 Double-Bit Axe
8:51 Horse Collar
14:03 Loom
16:59 Castle Age
22:33 Bow Saw
jchernandez2
9:28 Feudal Age
13:41 Castle Age
12:50 Double-Bit Axe
13:21 Loom
15:58 Fletching
22:14 Horse Collar
Connection lost

Rejoining the realm…

Still unreachable

The connection could not be restored.

Session expired

The server has moved on; the page needs a fresh start.